 Dungeon Crawl Stone Soup version 0.29.1-15-g9cfb28693d (webtiles) character file.

Game seed: 6049172246681291367

68 safid the Chiller (level 4, 0/33 HPs)
             Began as a Merfolk Ice Elementalist on Mar 9, 2023.
             Slain by an orc priest
             ... wielding a +0 trident
              (1 damage)
             ... on level 3 of the Dungeon.
             The game lasted 00:04:54 (2248 turns).

safid the Chiller (Merfolk Ice Elementalist)        Turns: 2248, Time: 00:04:55

Health: 0/33       AC:  2    Str:  8    XL:     4   Next: 19%
Magic:  3/8        EV: 12    Int: 16    God:
Gold:   94         SH:  0    Dex: 14    Spells: 1/8 levels left

rFire   . . .      SeeInvis .   c - +0 dagger
rCold   . . .      Faith    .   (no shield)
rNeg    . . .      Spirit   .   a - +0 robe
rPois   .          Reflect  .   (no helmet)
rElec   .          Harm     .   (no cloak)
rCorr   .          Rampage  .   (no gloves)
Will    .....                   (no boots)
Stlth   ++........              (no amulet)
HPRegen 0.11/turn               (no ring)
MPRegen 0.11/turn               (no ring)

@: very slightly contaminated
A: (nimble swimmer 2), mertail
a: no special abilities


You were on level 3 of the Dungeon.
You visited 1 branch of the dungeon, and saw 3 of its levels.

You collected 94 gold pieces.

Inventory:

Hand Weapons
 c - a +0 dagger (weapon)
Armour
 a - a +0 robe (worn)
Scrolls
 e - 2 scrolls of identify {unknown}
 g - 2 scrolls of brand weapon {unknown}
 j - a scroll of teleportation {unknown}
Potions
 b - a potion of magic
 d - a potion of lignification {unknown}
 f - a potion of experience {unknown}
 h - a potion of might {unknown}
 i - a potion of heal wounds {unknown}


   Skills:
 + Level 2.2 Fighting
 - Level 2.6 Dodging
 - Level 2.1 Stealth
 + Level 2.8 Spellcasting
 + Level 5.0 Ice Magic


You had one spell level left.
You knew the following spells:

 Your Spells              Type           Power      Damage    Failure   Level
a - Freeze                Ice            72%        1d9       2%          1
b - Frozen Ramparts       Ice            36%        1d6       7%          3
c - Ozocubu's Armour      Ice            18%        N/A       7%          3

Your spell library contained the following spells:

 Spells                   Type           Power      Damage    Failure   Level
 Hailstorm                Conj/Ice       10%        3d5       56%         4


Dungeon Overview and Level Annotations

Branches:
Dungeon (3/15)

Altars:
Okawaru

Shops:
D:1 (   D:2 :


Innate Abilities, Weirdness & Mutations

((You are very nimble when in or above water. (Stealth+, EV+, Speed+++)))
Your lower body shifts to a powerful aquatic tail in water.


Message History

The frozen ramparts melt away.
Casting: Frozen Ramparts (quite dangerous; 8% risk of failure)
Confirm with . or Enter, or press ? or * to list all spells.
The spell is quite dangerous to miscast (8% risk of failure)!
Continue anyway? [Y]es or [N]o only, please.
The spell is quite dangerous to miscast (8% risk of failure)!
Continue anyway?
Casting: Frozen Ramparts (quite dangerous; 8% risk of failure)
Press: ? - help, Dir - look around, f - activate The walls around you are covered in ice.
The orc priest shouts!
The orc priest begins to cast a cantrip, but forgets the words!
The wall freezes the orc.
The wall freezes the orc.
You closely miss the orc.
The orc is severely wounded.
The wall freezes the orc priest.
The orc priest closely misses you.
The wall freezes the orc.
You kill the orc!
Unknown command.
The wall freezes the orc priest.
The orc priest misses you.
The wall freezes the orc priest.
The orc priest barely misses you.
The wall freezes the orc priest.
The orc priest calls down the wrath of Beogh upon you.
Beogh smites you!
The frozen ramparts melt away.
The orc priest invokes the aid of Beogh against you.
Beogh smites you!
* * * LOW HITPOINT WARNING * * *
The orc priest hits you with a +0 trident.
* * * LOW HITPOINT WARNING * * *
Casting: Frozen Ramparts (quite dangerous; 7% risk of failure)
Confirm with . or Enter, or press ? or * to list all spells.
Aiming: Freeze (safe; 2% risk of failure)
Press: ? - help, Shift-Dir - straight line, f - orc priest
Aim: an orc priest, wielding a +0 trident (almost dead)
You miscast Freeze.
You are very lightly contaminated with residual magic.
Nothing appears to happen.
The orc priest hits you with a +0 trident.
You die...

##.........o
#...........
#........S..
#..........o
#...........
#........... #
#........... ###.
##o.....##### .....####
###@)...###
........#####..)#######
......#.#.....####....#
.......<...#..##.+....#
.............###.#....#
..................#.###
######>....#......#.#
########.##..#.#
#.....#.#


You could see an orc priest.

Vanquished Creatures
  An adder (D:2)
  4 dart slugs
  7 orcs
  2 ball pythons (D:2)
  2 endoplasms
  3 giant cockroaches
  3 goblins
  A hobgoblin (D:1)
  2 jackals (D:3)
  2 quokkas (D:1)
  3 bats
  6 kobolds
  7 rats
43 creatures vanquished.

Notes
Turn   | Place    | Note
-------+----------+-------------------------------------------
     0 | D:1      | safid the Merfolk Ice Elementalist began the quest for the
                  | Orb.
     0 | D:1      | Reached XP level 1. HP: 13/13 MP: 3/3
   309 | D:1      | Reached XP level 2. HP: 20/20 MP: 1/5
   466 | D:1      | Reached skill level 1 in Fighting
   783 | D:1      | Found Poworric's Antique Weapon Shoppe.
  1119 | D:2      | Found a faded altar of an unknown god.
  1235 | D:2      | Reached XP level 3. HP: 26/26 MP: 6/6
  1239 | D:2      | Learned a level 3 spell: Frozen Ramparts
  1243 | D:2      | Found an iron altar of Okawaru.
  1520 | D:2      | Found Ycawnuargh's Vocational Training.
  2056 | D:3      | Reached skill level 5 in Ice Magic
  2056 | D:3      | Reached XP level 4. HP: 33/33 MP: 5/8
  2069 | D:2      | Learned a level 3 spell: Ozocubu's Armour
  2247 | D:3      | HP: 1/33 [orc priest/+0 trident (2)]
  2248 | D:3      | Slain by an orc priest

Illustrated notes

Levels and vault maps discovered:
D:1:      mrwooster_arrival_statue, layout_loops_ring, serial_shops, shop,
          chequers_serial_rivers_micro_b
D:2:      layout_basic, basic_altar, hellmonk_ecumenical_altar_arch_garden,
          nicolae_shop_vocational
D:3:      layout_basic, tso_metal_star

Skill      XL: |  1  2  3 |
---------------+----------+-----
Fighting       | 1 2 |  2.2
Ice Magic      | 5 |  5.0
Dodging        | |  2.6
Stealth        | |  2.1
Spellcasting   | |  2.8

Action                   |  1- 3 |  4- 6 || total
-------------------------+-------+-------++-------
Melee: Unarmed           |     4 |       ||     4
       Dagger            |    42 |     3 ||    45
 Cast: Freeze            |    47 |     6 ||    53
       Frozen Ramparts   |       |     2 ||     2
 Stab: Sleeping          |     3 |     1 ||     4
Armor: Robe              |    17 |       ||    17
Dodge: Dodged            |    70 |     8 ||    78
